 Dungeon Sprint DCSS version 0.18.1-50-g88ac8fd (webtiles) character file.

1045 Kagutsuchi the Fighter (level 8, -18/120 (123) HPs)
             Began as a Mottled Draconian Berserker on Jan 27, 2017.
             Was a Priest of Trog.
             Demolished by a polar bear (20 damage)
             ... in the Dungeon (Sprint II: "The Violet Keep of Menkaure").
             The game lasted 00:03:58 (331 turns).

Kagutsuchi the Fighter (Mottled Draconian Berserker) Turns: 331, Time: 00:03:59

HP:   -18/120 (123) AC:  9    Str: 25    XL:     8   Next: 4%
MP:   8/8           EV: 17    Int:  7    God:    Trog [***...]
Gold: 188           SH:  0    Dex: 13    Spells: 0 memorised, 7 levels left

rFire  . . .     SeeInvis .     j - +2 bardiche (flame)
rCold  . . .     Gourm    .     (armour unavailable)
rNeg   . . .     Faith    .     (shield currently unavailable)
rPois  .         Spirit   .     (helmet restricted)
rElec  .         Dismiss  .     (no cloak)
rCorr  .         Reflect  .     k - +2 pair of gloves
SustAt .         Harm     .     (no boots)
MR     .....     NoTele   +     (no amulet)
Stlth  ..........               (no ring)
                                (no ring)

@: berserking (expiring), very quick, not resistant to hostile enchantments,
extremely unstealthy
A: breathe sticky flame splash, unfitting armour, cold-blooded, AC +6
a: Breathe Sticky Flame, Berserk, Trog's Hand, Burn Spellbooks, Renounce
Religion


You were in the Dungeon.
You worshipped Trog.
Trog was most pleased with you.
You were hungry.

You visited 1 branch You collected 729 gold pieces.
You spent 541 gold pieces at shops.

Inventory:

Hand Weapons
 a - a +0 falchion
 i - a +0 spear
 j - a +2 bardiche of flaming (weapon)
 l - a +0 long sword
Armour
 k - a +2 pair of gloves (worn)
Scrolls
 h - a scroll of blinking
Potions
 c - 6 potions of curing
 d - 2 potions of heal wounds
 e - a potion of haste
 f - 2 potions of magic
 g - a potion of berserk rage
Comestibles
 b - a bread ration


   Skills:
 + Level 11.5 Fighting
 + Level 10.8 Long Blades
 + Level 9.5 Dodging


You had 7 spell levels left.
You didn't know any spells.

Dungeon Overview and Level Annotations

Branches:
Dungeon (1/1)

Altars:
Cheibriados
Dithmenos
Fedhas
Gozag
Kikubaaqudgha
Makhleb
Nemelex Xobeh
Pakellas
Qazlal
Ru
Trog
Vehumet
Xom
Yredelemnul
Zin
Beogh
Jiyva
Lugonu

Shops:
D %=:}!?[}:([%!?=!

Annotations:
D exclusion: oklob plant


Innate Abilities, Weirdness & Mutations

You can spit globs of burning liquid.
You can ignite nearby creatures when you spit burning liquid.
Your weird mottled scales are hard (AC +6).
Your body does not fit into most forms of armour.
You are cold-blooded and may be slowed by cold attacks.


Message History

* * * LOW HITPOINT WARNING * * *
The polar bear closely misses you.
The polar bear claws you but does no damage.
The polar bear claws you.
* * * LOW HITPOINT WARNING * * *
Your unstable footing causes you to fumble your attack.
The polar bear bites you but does no damage.
The polar bear claws you.
* * * LOW HITPOINT WARNING * * *
The polar bear claws you.
* * * LOW HITPOINT WARNING * * *
The polar bear misses you.
The polar bear claws you but does no damage.
The polar bear misses you. The polar bear bites you!!
* * * LOW HITPOINT WARNING * * *
The polar bear claws you but does no damage.
The polar bear closely misses you.
Your unstable footing causes you to fumble your attack.
The polar bear bites you!!
You die...

.# ## ## ## #.###.# .#
##.#.# ##..## .#
###'###.##..# .# #
.##.##...#..# .# .#
#†.<.'.##+..### c##.#
.##.#### #....###h..##▓▓
###'## ##.§.†..@hy≈≈≈≈≈
##.†.####≈≈.....≈#+#####
#..#..#≈≈≈§≈≈≈..≈#......
##. .##≈§≈≈≈≈§≈.≈#._._..
≈##+##≈≈≈§§≈≈§≈§≈#_._._.
≈≈≈≈≈≈≈≈≈§≈≈≈≈§≈§#._._._
+++#+++#≈≈≈§≈§§≈≈#_._._.
;;;;≈ ##≈≈§###≈≈#._._._
≈≈§;≈§≈≈##§≈# #§§#.._._.


You could see 2 polar bears, a yaktaur and a wasp.

Vanquished Creatures
  A siren (D)
  2 hippogriffs (D)
  4 necrophages (D)
  A crocodile (D)
  A hell rat (D)
  2 worms (D)
11 creatures vanquished.

Vanquished Creatures (others)
  Menkaure (D)
  A crocodile (D)
2 creatures vanquished.

Grand Total: 13 creatures vanquished

Notes
Turn   | Place    | Note
--------------------------------------------------------------
     0 | D        | Kagutsuchi the Draconian Berserker began the quest for the Orb.
     0 | D        | Reached XP level 1. HP: 19/19 MP: 1/1
     5 | D        | Noticed a necrophage
     5 | D        | Noticed a necrophage
     5 | D        | Noticed a necrophage
     5 | D        | Noticed a necrophage
    10 | D        | Killed a necrophage
    10 | D        | Reached skill level 6 in Fighting
    10 | D        | Reached skill level 5 in Long Blades
    10 | D        | Reached skill level 5 in Dodging
    10 | D        | Reached XP level 2. HP: 31/31 MP: 2/2
    10 | D        | Reached XP level 3. HP: 38/38 MP: 3/3
    10 | D        | Reached XP level 4. HP: 45/45 MP: 4/4
    17 | D        | Killed a necrophage
    17 | D        | Reached skill level 7 in Fighting
    17 | D        | Reached XP level 5. HP: 53/53 MP: 5/5
    24 | D        | Killed a necrophage
    24 | D        | Reached skill level 8 in Fighting
    35 | D        | Killed a necrophage
    35 | D        | Reached skill level 9 in Fighting
    35 | D        | Reached XP level 6. HP: 43/61 MP: 6/6
    37 | D        | Killed Menkaure
    67 | D        | Noticed a hippogriff
    67 | D        | Noticed a hippogriff
    72 | D        | Killed a hippogriff
    72 | D        | Reached skill level 10 in Fighting
    77 | D        | Killed a hippogriff
    77 | D        | Your scales start taking on a weird mottled colour.
    77 | D        | Reached XP level 7. HP: 71/71 MP: 7/7
   160 | D        | Reached ** piety under Trog
   172 | D        | Noticed a siren
   181 | D        | Killed a siren
   181 | D        | Reached *** piety under Trog
   181 | D        | Reached skill level 11 in Fighting
   181 | D        | Reached skill level 10 in Long Blades
   193 | D        | Found Foupucw's Distillery.
   193 | D        | Found Pigy's Jewellery Boutique.
   193 | D        | Found Zes Vod's Food Shop.
   193 | D        | Found Imoi's Distillery.
   193 | D        | Found Zexaug's Antique Weapon Boutique.
   193 | D        | Found Vuarchido's Antique Armour Boutique.
   193 | D        | Found Ralouh's Book Shop.
   194 | D        | Found Iddang Bays's Gadget Shop.
   195 | D        | Found Sorhalie's Antique Armour Shop.
   195 | D        | Found Limut's Magic Scroll Boutique.
   195 | D        | Noticed a slime creature
   196 | D        | Found Miles's Magic Scroll Boutique.
   197 | D        | Found Wiph's Distillery.
   197 | D        | Found Vosiugeuxi's Gadget Boutique.
   197 | D        | Noticed a slime creature
   197 | D        | Noticed a slime creature
   197 | D        | Noticed an oklob plant
   198 | D        | Found Zyidgh's Jewellery Shop.
   198 | D        | Found Kaseacan's Food Boutique.
   198 | D        | Found Tes Pakk's Book Shoppe.
   205 | D        | Bought a glowing bardiche for 207 gold pieces
   212 | D        | Bought a potion of curing for 36 gold pieces
   212 | D        | Bought 2 potions of curing for 72 gold pieces
   212 | D        | Bought a potion of curing for 36 gold pieces
   212 | D        | Bought a potion of curing for 36 gold pieces
   212 | D        | Bought a potion of heal wounds for 60 gold pieces
   215 | D        | Reached XP level 8. HP: 80/80 MP: 8/8
   219 | D        | Noticed an iron elemental
   221 | D        | Noticed a flying skull
   227 | D        | Bought a pair of runed gloves for 94 gold pieces
   317 | D        | Found an ancient bone altar of Kikubaaqudgha.
   317 | D        | Found a roughly hewn altar of Beogh.
   318 | D        | Found an oddly glowing altar of Pakellas.
   318 | D        | Found a burning altar of Makhleb.
   318 | D        | Found a stormy altar of Qazlal.
   319 | D        | Found a basalt altar of Yredelemnul.
   319 | D        | Found a snail-covered altar of Cheibriados.
   319 | D        | Found a corrupted altar of Lugonu.
   320 | D        | Found a shadowy altar of Dithmenos.
   320 | D        | Found a sacrificial altar of Ru.
   320 | D        | Found a blossoming altar of Fedhas.
   320 | D        | Found a radiant altar of Vehumet.
   321 | D        | Found a glowing silver altar of Zin.
   321 | D        | Found an opulent altar of Gozag.
   321 | D        | Found a bloodstained altar of Trog.
   322 | D        | Found a viscous altar of Jiyva.
   322 | D        | Found a shimmering altar of Xom.
   322 | D        | Found a sparkling altar of Nemelex Xobeh.
   322 | D        | Noticed a polar bear
   323 | D        | Noticed a polar bear
   329 | D        | Noticed a yaktaur
   330 | D        | HP: 2/120 [polar bear (26)]
   331 | D        | Demolished by a polar bear

Skill      XL: |  1  2  3  4  5  6  7 |
---------------+----------------------+-----
Fighting       | 6 7 9 10 11 | 11.5
Long Blades    | 5 6 8 9 10 | 10.8
Dodging        | 5 6 7 8 9 |  9.5

Action                   |  1- 3 |  4- 6 |  7- 9 || total
-------------------------+-------+-------+-------++-------
Melee: Falchion          |     4 |    31 |    18 ||    53
       Tailslap          |       |     5 |     2 ||     7
       Bardiche          |       |       |    11 ||    11
Invok: Berserk           |     1 |     1 |     1 ||     3
Armor: Skin              |       |    10 |    16 ||    26
Dodge: Dodged            |     1 |    19 |    41 ||    61
